 Dungeon Crawl Stone Soup version 0.28.0 (webtiles) character file.

Game seed: 17875345094062739752

369 fragbeetle the Grappler (level 6, -4/48 HPs)
             Began as a Ghoul Gladiator on Feb 18, 2022.
             Splashed by a jelly's acid (6 damage)
             ... on level 4 of the Dungeon.
             The game lasted 00:03:52 (2391 turns).

fragbeetle the Grappler (Ghoul Gladiator)           Turns: 2391, Time: 00:03:53

Health: -4/48      AC:  5    Str: 20    XL:     6   Next: 70%
Magic:  5/5        EV: 10    Int:  3    God:
Gold:   138        SH:  0    Dex: 10    Spells: 5/5 levels left

rFire   . . .      SeeInvis .     - Unarmed
rCold   + . .      Faith    .   (no shield)
rNeg    + + +      Spirit   .   i - +0 scale mail
rPois   ∞          Reflect  .   b - +1 helmet
rElec   .          Harm     .   h - +0 cloak
rCorr   .          Rampage  .   (no gloves)
Will    .....                   (no boots)
Stlth   ..........              (no amulet)
HPRegen 0.00/turn               (no ring)
MPRegen 0.09/turn               (no ring)

@: corroded, inhibited regen
A: claws 1, cold resistance 1, negative energy resistance 3, inhibited
regeneration, torment resistance 2
a: no special abilities


You were on level 4 of the Dungeon.
You visited 1 branch of the dungeon, and saw 5 of its levels.

You collected 138 gold pieces.

Inventory:

Missiles
 c - 3 throwing nets (quivered)
 m - 2 boomerangs
Armour
 a - a +0 leather armour
 b - a +1 helmet (worn)
 h - a +0 cloak (worn)
 i - a +0 scale mail (worn)
Scrolls
 d - a scroll of identify
 f - a scroll of silence
 g - a scroll of blinking
 j - a scroll of enchant armour
Potions
 e - 2 potions of brilliance
 k - a potion of heal wounds
 l - a potion of berserk rage {unknown}
 n - a potion of flight {unknown}
 o - a potion of lignification {unknown}


   Skills:
 - Level 2.1 Fighting
 - Level 1.7 Throwing
 - Level 2.6 Dodging
 * Level 8.0 Unarmed Combat


You had 5 spell levels left.
You didn't know any spells.
Your spell library was empty.

Dungeon Overview and Level Annotations

Branches:
Dungeon (5/15)
 Temple: D:4-7

Altars:
Zin

Shops:
D:1 :   D:3 (

Annotations:
D:2 1 runed translucent door, Crazy Yiuf
D:3 exclusion: 2 doors
D:4 Pikel


Innate Abilities, Weirdness & Mutations

You thrive by killing the living.
You are immune to poison.
You have sharp fingernails.
Your flesh is cold resistant. (rC+)
You are immune to negative energy. (rN+++)
You do not regenerate when monsters are visible.
You are immune to unholy pain and torment.


Message History

You kill the orc!
Pikel hits you with a +0 whip of freezing.
Pikel freezes you.
Pikel says, "You'll feel the lick of my whip!"
Items here: ))) [ ††.
Found a stone staircase leading down and a stone staircase leading up.
An adder zombie comes into view.
Pikel closely misses you. The adder zombie closely misses you.
There is a stone staircase leading up here.
The adder zombie bites you. Pikel hits you but does no damage.
You climb upwards.
Found a scroll labelled IJEVIE ESTRATZ and 19 gold pieces.
There is a stone staircase leading down here.
Found a scroll labelled IJEVIE ESTRATZ.
Pikel waves his whip at you.
Found a dagger.
A jelly comes into view.
The jelly quivers.
Found an escape hatch in the floor.
A hound skeleton comes into view.
The jelly hits you.
* * * LOW HITPOINT WARNING * * *
You are splashed with acid!
* * * LOW HITPOINT WARNING * * *
You claw the hound skeleton!
The hound skeleton is severely damaged.
You feel a little less clever now.
The hound skeleton bites you but does no damage.
The jelly hits you but does no damage.
Pikel says, "Hell isn't that bad."
Pikel hits you with a +0 whip of freezing.
* * * LOW HITPOINT WARNING * * *
The hound skeleton barely misses you. The hound skeleton barely misses you.
The hound skeleton bites you but does no damage.
The jelly hits you.
* * * LOW HITPOINT WARNING * * *
The acid corrodes you!
You are splashed with acid.
You die...

.$..........#
............#
............#######
..................#
..................#
..................#
....##.#.......K..#
)### #.#.......JZ.#
#.#........@.#
#........>.#
.......######
..#####


You could see Pikel, a jelly and a hound skeleton.

Vanquished Creatures
  Menkaure (D:5)
  A water moccasin skeleton (D:4)
  An orc priest (D:5)
  A hound (D:5)
  Jessica (D:2)
  4 adders (D:3)
  A worm (D:3)
  A dart slug (D:4)
  6 orcs
  3 bats
  8 endoplasms
  2 giant cockroaches
  4 goblins
  4 hobgoblins
  6 jackals
  3 quokkas
  7 ball pythons
  A frilled lizard (D:1)
  5 kobolds
  4 rats
64 creatures vanquished.

Notes
Turn   | Place    | Note
-------+----------+-------------------------------------------
     0 | D:1      | fragbeetle the Ghoul Gladiator began the quest for the Orb.
     0 | D:1      | Reached XP level 1. HP: 17/17 MP: 0/0
    94 | D:1      | Found Hiasoib's Book Emporium.
   162 | D:1      | Reached XP level 2. HP: 14/24 MP: 1/1
   166 | D:1      | Reached skill level 4 in Unarmed Combat
   481 | D:1      | Found a faded altar of an unknown god.
   997 | D:2      | Reached XP level 3. HP: 28/29 MP: 2/2
  1058 | D:2      | Noticed Jessica
  1063 | D:2      | Killed Jessica
  1064 | D:2      | Reached skill level 5 in Unarmed Combat
  1097 | D:2      | Reached XP level 4. HP: 33/36 MP: 3/3
  1360 | D:2      | Found a runed translucent door.
  1361 | D:2      | Noticed Crazy Yiuf
  1814 | D:3      | Reached skill level 6 in Unarmed Combat
  1938 | D:3      | Found Luory's Antique Weapon Emporium.
  1942 | D:3      | Reached XP level 5. HP: 41/41 MP: 4/4
  2228 | D:4      | You fall into a shaft and drop 1 floor!
  2228 | D:5      | Entered Level 5 of the Dungeon
  2228 | D:5      | Noticed Menkaure
  2234 | D:5      | Killed Menkaure
  2235 | D:5      | Reached skill level 7 in Unarmed Combat
  2235 | D:5      | Reached XP level 6. HP: 38/48 MP: 5/5
  2307 | D:5      | Noticed Pikel
  2355 | D:5      | Reached skill level 8 in Unarmed Combat
  2391 | D:4      | HP: 2/48 [jelly (1)]
  2391 | D:4      | Splashed by a jelly's acid

Illustrated notes

Levels and vault maps discovered:
D:1:      sevenhm_arrival_forest_fort_small_6, layout_basic,
          hellmonk_ecumenical_altar_zigzags, serial_shops, shop
D:2:      layout_loops_ring, item_on_display_a, uniq_crazy_yiuf_cottage,
          uniq_jessica
D:3:      minmay_goblin_kobold_castle, layout_loops_ring, serial_shops,
          nicolae_shop_waterfront, uniq_ijyb
D:4:      layout_rooms, mainiacjoe_overflow_alcove_2, marbit_many_paths,
          hex_tiny, uniq_duvessa
D:5:      layout_basic, uniq_pikel, uniq_menkaure

Skill      XL: |  1  2  3  4  5  6 |
---------------+-------------------+-----
Unarmed Combat | 4 5 6 7 8 |  8.0
Fighting       | |  2.1
Throwing       | |  1.7
Dodging        | |  2.6

Action                   |  1- 3 |  4- 6 || total
-------------------------+-------+-------++-------
Melee: Unarmed           |    76 |   105 ||   181
       Punch             |     3 |     3 ||     6
  Use: Scroll            |       |     3 ||     3
       Potion            |       |     3 ||     3
Armor: Leather armour    |    15 |       ||    15
       Scale mail        |     6 |    54 ||    60
Dodge: Dodged            |    49 |    58 ||   107
